 Dungeon Crawl Stone Soup version 0.31-a0-640-g39d97e502b (webtiles) character file.

Game seed: 15069036109982516859

8 GordonOverkill the Sneak (level 2, -1/15 (16) HPs)
             Began as a Vine Stalker Delver on Aug 28, 2023.
             Slain by a wight
             ... wielding a +0 falchion
              (6 damage)
             ... in an ossuary.
             The game lasted 00:02:02 (301 turns).

GordonOverkill the Sneak (Vine Stalker Delver)       Turns: 301, Time: 00:02:03

HP:   -1/15 (16)    AC:  3    Str: 14    XL:     2   Next: 8%
MP:   0/3           EV: 12    Int: 10    God:
Gold: 71            SH:  0    Dex: 15    Spells: 1/1 levels left

rFire   . . .        i - +0 broad axe
rCold   . . .        (no shield)
rNeg    . . .        b - +0 leather armour
rPois   .            (no helmet)
rElec   .            (no cloak)
rCorr   .            (no gloves)
SInv    .            (no boots)
Will    .....        (no amulet)
Stlth   +++          (no ring)
HPRegen 0.22/turn    (no ring)
MPRegen 0.08/turn

%: guardian spirit
@: hasted, drained, very quick
A: fangs 2, magic shield, antimagic bite, no potion heal 2
a: no special abilities


You were in an ossuary.
You visited 1 branch of the dungeon, and saw 4 of its levels.
You also visited: Ossuary.

You collected 71 gold pieces.

Inventory:

Hand Weapons
 a - a +0 spear
 i - a +0 broad axe (weapon)
Armour
 b - a +0 leather armour (worn)
Jewellery
 k - a +6 ring of intelligence
Wands
 g - a wand of digging (2)
Scrolls
 c - a scroll of fog
 d - a scroll of vulnerability {unknown}
 e - a scroll of fear
 h - 2 scrolls of noise {unknown}
Potions
 j - 2 potions of curing {unknown}
 l - 2 potions of attraction {unknown}


   Skills:
 + Level 2.9 Fighting
 + Level 0.6(1.3) Axes
 - Level 1.7(1.9) Polearms
 + Level 1.8 Dodging
 - Level 6.0 Stealth


You had one spell level left.
You didn't know any spells.
Your spell library was empty.

Dungeon Overview and Level Annotations

Branches:
Dungeon (8/15)            Ossuary (1/1)
 Temple: D:4-7         Lair: D:8-11

Altars:

Annotations:
Ossuary exclusion: door


Innate Abilities, Weirdness & Mutations

You have extremely sharp teeth.
When hurt, damage is shared between your health and your magic reserves.
Your bite disrupts and absorbs the magic of your enemies.
Potions cannot restore your health.


Message History

l - 2 murky black potions (gained 1)
You open the door.
There is an open door here.
You open the door.
There is an open door here.
Found three items.
Found a scroll labelled JOELECOCWO.
You open the door.
A wight comes into view. It is wielding a +5 long sword.
There is an open door here.
You close the door.
Found a scroll labelled SADYSKEZXOV and a scroll of fog.
You open the door.
A wight comes into view. It is wielding a +0 falchion.
The wight hits you with a +0 falchion!
Ouch! That really hurt!
* * * LOW HITPOINT WARNING * * *
You feel drained.
* * * LOW HITPOINT WARNING * * *
There is an open door here.
You feel yourself speed up. The wight closely misses you.
You closely miss the wight. You closely miss the wight.
You bite the wight, but do no damage. The wight hits you with a +0 falchion.
* * * LOW HITPOINT WARNING * * *
You barely miss the wight. The wight closely misses you.
You closely miss the wight. You bite the wight, but do no damage.
The wight misses you.
You closely miss the wight. Your bite misses the wight.
The wight closely misses you.
You hit the wight. You bite the wight, but do no damage.
The wight is lightly damaged.
The wight completely misses you.
You slash the wight!
The wight is severely damaged.
The wight barely misses you.
You hit the wight.
The wight is almost destroyed.
The wight hits you with a +0 falchion!
You die...

#'# #.# ###.###
#z▓.▓W# ###.###
#.#
#######'#######
#.............#
#.+##.###.##@.#
#.#z#.# #.#z#.#
#. ##.# #.## .#
#. ... ... .#
#. ... ... .#
#. ##.???.## .#
#. #.!??.# .#
#. .#


You could see a wight.

Vanquished Creatures
  An adder zombie (Ossuary)
  A ball python skeleton (Ossuary)
  3 hobgoblin skeletons (Ossuary)
  A hobgoblin zombie (Ossuary)
  A kobold zombie (Ossuary)
  An orc zombie (Ossuary)
8 creatures vanquished.

Notes
Turn   | Place    | Note
-------+----------+-------------------------------------------
     0 | D:5      | GordonOverkill the Vine Stalker Delver began the quest for
                  | the Orb.
     0 | D:5      | Reached XP level 1. HP: 11/11 MP: 2/2
    85 | D:8      | Noticed an orc wizard
   155 | D:7      | Noticed a bullfrog
   161 | D:7      | Found a sand-covered staircase.
   168 | Ossuary  | Entered an ossuary
   241 | Ossuary  | Reached XP level 2. HP: 16/16 MP: 3/3
   269 | Ossuary  | Noticed a flying skull
   269 | Ossuary  | Noticed a wraith
   280 | Ossuary  | Noticed a wight
   292 | Ossuary  | Noticed a wight
   301 | Ossuary  | Slain by a wight

Illustrated notes

Levels and vault maps discovered:
D:5:      layout_gridville, nicolae_wu_jian_wuxing_cycle,
          nicolae_concentric_dashed_squares_wild, uniq_blork_the_orc
D:6:      layout_basic
D:7:      layout_rooms, chequers_ossuary_entry_cave
D:8:      hellmonk_ruined_rings, layout_loops_corners, kiku_gazebo_pond_becter,
          nemelex_xobeh_ov_fountains_minmay, lair_entry_dummy,
          kennysheep_decorative_pillar, uniq_joseph
Ossuary:  ossuary_due_cavern

Action                     || total
---------------------------++-------
  Melee: Broad axe         ||    20
         Bite              ||     8
  Evoke: Wand              ||     1
    Use: Scroll            ||     1
         Potion            ||     1
   Stab: Sleeping          ||     4
 Armour: Leather armour    ||     1
  Dodge: Dodged            ||    10

Table legend: (Time is in decaauts)
 A = Elapsed time spent in this place.
 B = Non-inter-level travel time spent in this place.
 C = Inter-level travel time spent in this place.
 D = Time resting spent in this place.
 E = Time spent auto-exploring this place.
 F = Levels seen in this place.
 G = Mean time per level.
                   A        B        C        D        E       F      G
               +--------+--------+--------+--------+--------+-----+--------+
         Total |    306 |    306 |      0 |      0 |      0 |   5 |   61.2 |
       Dungeon |    167 |    167 |      0 |      0 |      0 |   4 |   41.8 |
       Ossuary |    138 |    138 |      0 |      0 |      0 |   1 |  138.0 |
               +--------+--------+--------+--------+--------+-----+--------+

Top non-repeatable levels by time:
 Ossuary: 138 daAuts
     D:7: 85 daAuts
     D:6: 40 daAuts
     D:8: 38 daAuts
     D:5: 3 daAuts
